 Dungeon Crawl Stone Soup version 0.19.5 (webtiles) character file.

1906 sankara the Destroyer (level 8, -9/67 HPs)
             Began as a Pale Draconian Conjurer on Mar 26, 2017.
             Was a Follower of Sif Muna.
             Mangled by a tengu warrior
             ... wielding a +0 glaive
              (20 damage)
             ... on level 7 of the Dungeon.
             The game lasted 00:26:57 (8020 turns).

sankara the Destroyer (Pale Draconian Conjurer)     Turns: 8020, Time: 00:26:58

Health: -9/67      AC:  7    Str: 11    XL:     8   Next: 94%
Magic:  1/16       EV: 14    Int: 17    God:    Sif Muna [*.....]
Gold:   339        SH:  0    Dex: 12    Spells: 4 memorised, 6 levels left

rFire  . . .     SeeInvis .     u - +2 dagger (speed)
rCold  . . .     Gourm    .     (armour unavailable)
rNeg   . . .     Faith    +     (no shield)
rPois  .         Spirit   .     (helmet restricted)
rElec  .         Reflect  .     (no cloak)
rCorr  .         Harm     .     p - +0 pair of gloves
MR     .....                    (no boots)
Stlth  ++........               w - amulet of faith
                                (no ring)
                                (no ring)

@: very slightly contaminated
A: breathe steam, unfitting armour, cold-blooded, AC +6
a: Breathe Steam, Divine Energy, Renounce Religion


You were on level 7 of the Dungeon.
You worshipped Sif Muna.
Sif Muna was aware of your devotion.
You were hungry.

You visited 1 branch of the dungeon, and saw 7 of its levels.

You collected 339 gold pieces.

Inventory:

Hand Weapons
 u - a +2 dagger of speed (weapon)
 H - a +1 dagger of draining
Armour
 p - a +0 pair of gloves (worn)
Jewellery
 w - an amulet of faith (around neck)
 G - a +4 amulet of reflection
Wands
 v - a wand of flame (36/48)
 E - a wand of lightning (3/15)
 J - a wand of disintegration (15/24)
Scrolls
 c - 2 scrolls of magic mapping {unknown}
 j - 6 scrolls of identify
 k - 2 scrolls of blinking {unknown}
 l - 2 scrolls of random uselessness {unknown}
 m - 4 scrolls of remove curse
 q - 3 scrolls of teleportation {unknown}
 s - a scroll of noise {unknown}
 t - 2 scrolls of enchant armour {unknown}
 y - a scroll of enchant weapon {unknown}
 z - a scroll of immolation {unknown}
 C - a scroll of recharging {unknown}
Potions
 e - 2 potions of magic {unknown}
 f - 2 potions of mutation {unknown}
 h - 3 potions of heal wounds {unknown}
 i - 3 potions of lignification {unknown}
 n - a potion of curing {unknown}
 o - a potion of might {unknown}
 r - 2 potions of haste {unknown}
 x - a potion of agility {unknown}
 A - a potion of brilliance {unknown}
 D - a potion of ambrosia {unknown}
Books
 a - a book of Conjurations

   Spells                             Type                      Level
   a - Magic Dart                     Conjuration                  1
   b - Searing Ray                    Conjuration                  2
   c - Dazzling Spray                 Conjuration/Hexes            3
   d - Fulminant Prism                Conjuration/Hexes            4
   e - Iskenderun's Mystic Blast      Conjuration                  4
   f - Iskenderun's Battlesphere      Conjuration/Charms           5
Comestibles
 b - 6 bread rations
 g - a meat ration
 B - 2 slices of pizza
 F - 2 beef jerkies


   Skills:
 + Level 4.6 Fighting
 + Level 4.5 Dodging
 - Level 1.7 Stealth
 + Level 5.9 Spellcasting
 + Level 8.5 Conjurations


You had 6 spell levels left.
You knew the following spells:

 Your Spells              Type           Power        Failure   Level  Hunger
a - Magic Dart            Conj           ####         1%          1    None
b - Dazzling Spray        Conj/Hex       ###...       10%         3    ##.....
c - Iskenderun's Mystic   Conj           ####....     4%          4    ####...
d - Fulminant Prism       Conj/Hex       ###.......   24%         4    ####...


Dungeon Overview and Level Annotations

Branches:
Dungeon (7/15)             Temple (0/1) D:5

Altars:
Cheibriados
Dithmenos
Elyvilon
Gozag
Ru
Sif Muna
Trog
Vehumet
Zin


Innate Abilities, Weirdness & Mutations

You can breathe blasts of scalding, opaque steam.
Your pale cyan-grey scales are hard. (AC +6)
You cannot fit into any form of body armour.
You are cold-blooded and may be slowed by cold attacks.


Message History

The tengu warrior is severely wounded.
The tengu warrior is dazzled.
The spray of energy hits the crimson imp.
The crimson imp hits you but does no damage.
Casting: Dazzling Spray
Confirm with . or Enter, or press ? or * to list all spells.
You don't have enough magic to cast that spell.
Casting: Dazzling Spray
Confirm with . or Enter, or press ? or * to list all spells.
Aiming: Magic Dart
Press: ? - help, Shift-Dir - straight line, f/p - tengu warrior
Aim: a tengu warrior, wielding a glaive and wearing a ring mail (severely wounded)
The magic dart hits the tengu warrior.
The tengu warrior is severely wounded.
The tengu warrior hits you from afar with a glaive.
* * * LOW HITPOINT WARNING * * *
You have got your breath back.
It was a potion of cure mutation.
It has a very clean taste.
The tengu warrior hits you from afar with a glaive!!
You die...

#......#.(#......
#..#####..#####..
#..Q...#[.#......
#......#..#......
#####..#.(#..####
#...Q..#((#.....
#......#(.#......
#.Q#####..#####..
#...@..).........
#...............
################


You could see a tengu warrior.

Vanquished Creatures
  Sigmund (D:2)
  A phantom (D:6)
  Duvessa (D:5)
  An ice beast (D:5)
  A black bear (D:6)
  2 ogres (D:5)
  2 centaurs
  Blork the orc (D:4)
  3 bullfrogs
  A wyvern skeleton (D:6)
  Dowan (D:5)
  A scorpion (D:4)
  A jelly (D:5)
  3 orc priests
  4 hounds
  3 iguanas
  2 worker ants (D:4)
  An orc wizard (D:6)
  A howler monkey skeleton (D:6)
  3 gnolls (D:5)
  10 adders
  A shadow imp (D:5)
  An ooze (D:1)
  3 worms
  A dart slug (D:3)
  5 leopard geckos
  11 orcs
  8 bats
  8 giant cockroaches
  4 goblins
  6 hobgoblins
  10 jackals
  6 quokkas
  A ball python (D:3)
  3 frilled lizards
  8 kobolds
  5 rats
125 creatures vanquished.

Vanquished Creatures (others)
  4 fulminant prisms
4 creatures vanquished.

Grand Total: 129 creatures vanquished

Notes
Turn   | Place    | Note
-------+----------+-------------------------------------------
     0 | D:1      | sankara the Draconian Conjurer began the quest for the Orb.
     0 | D:1      | Reached XP level 1. HP: 14/14 MP: 3/3
   459 | D:1      | Reached XP level 2. HP: 20/20 MP: 0/5
  1249 | D:2      | Reached XP level 3. HP: 26/26 MP: 2/6
  1736 | D:2      | Learned a level 3 spell: Dazzling Spray
  1789 | D:2      | Reached skill level 5 in Conjurations
  2094 | D:2      | Reached XP level 4. HP: 33/33 MP: 4/8
  2298 | D:2      | Noticed Sigmund
  2797 | D:2      | Killed Sigmund
  2797 | D:2      | Reached skill level 6 in Conjurations
  2797 | D:2      | Reached XP level 5. HP: 31/38 MP: 1/10
  3213 | D:3      | Reached XP level 6. HP: 45/45 MP: 9/11
  3695 | D:3      | Learned a level 4 spell: Iskenderun's Mystic Blast
  3912 | D:3      | Found a snail-covered altar of Cheibriados.
  3930 | D:3      | Found a deep blue altar of Sif Muna.
  3930 | D:3      | Found an opulent altar of Gozag.
  3930 | D:3      | Found a bloodstained altar of Trog.
  3931 | D:3      | Found a sacrificial altar of Ru.
  3932 | D:3      | Found a glowing silver altar of Zin.
  3933 | D:3      | Found a radiant altar of Vehumet.
  3934 | D:3      | Found a shadowy altar of Dithmenos.
  4173 | D:4      | Noticed Blork the orc
  4217 | D:4      | Killed Blork the orc
  4332 | D:4      | Learned a level 4 spell: Fulminant Prism
  4364 | D:4      | Reached skill level 7 in Conjurations
  4550 | D:4      | Your scales start taking on a pale cyan-grey colour.
  4550 | D:4      | Reached XP level 7. HP: 50/50 MP: 3/13
  4602 | D:3      | Became a worshipper of Sif Muna the Loreminder
  5060 | D:5      | Entered Level 5 of the Dungeon
  5148 | D:5      | Found a shadowy altar of Dithmenos.
  5157 | D:5      | Noticed Dowan
  5171 | D:5      | Killed Dowan
  5171 | D:5      | Reached skill level 1 in Fighting
  5173 | D:5      | Noticed Duvessa
  5245 | D:5      | Killed Duvessa
  5414 | D:5      | Found a white marble altar of Elyvilon.
  5505 | D:5      | Found a staircase to the Ecumenical Temple.
  5982 | D:5      | Reached XP level 8. HP: 62/62 MP: 8/15
  6038 | D:5      | Reached skill level 5 in Spellcasting
  6363 | D:5      | Reached skill level 8 in Conjurations
  6727 | D:6      | Reached * piety under Sif Muna
  7990 | D:7      | Noticed a tengu warrior
  8020 | D:7      | Mangled by a tengu warrior

Skill      XL: |  1  2  3  4  5  6  7  8 |
---------------+-------------------------+-----
Conjurations   | 5 6 7 8 |  8.5
Spellcasting   | 3 4 5 |  5.9
Fighting       | 2 4 |  4.6
Dodging        | 3 4 |  4.5
Stealth        | |  1.7

Action                   |  1- 3 |  4- 6 |  7- 9 || total
-------------------------+-------+-------+-------++-------
Melee: Unarmed           |    11 |       |       ||    11
       Whip              |     1 |    20 |       ||    21
       Tailslap          |     1 |     9 |    19 ||    29
       Dagger            |       |    74 |   131 ||   205
 Cast: Magic Dart        |    85 |    95 |   159 ||   339
       Dazzling Spray    |       |    10 |    12 ||    22
       Fulminant Prism   |       |       |     4 ||     4
       Iskenderun's Myst |       |       |     3 ||     3
Invok: Divine Energy     |       |       |     1 ||     1
       Stop Divine Energ |       |       |     1 ||     1
 Abil: Breathe Steam     |       |       |     1 ||     1
  Use: Scroll            |       |     2 |     1 ||     3
       Potion            |       |       |     1 ||     1
 Stab: Sleeping          |       |     2 |       ||     2
       Invisible         |       |       |     1 ||     1
  Eat: Chunk             |     5 |     8 |    13 ||    26
Armor: Skin              |     7 |    25 |    55 ||    87
Dodge: Dodged            |    11 |    62 |   118 ||   191
